 Dungeon Crawl Stone Soup version 0.30-a0-918-g0ff054e9dc (webtiles) character file.

Game seed: 11555540360365403060

102 cforsyth the Covered (level 5, -1/42 HPs)
             Began as a Human Fighter on Mar 21, 2023.
             Slain by a bullfrog (2 damage)
             ... on level 3 of the Dungeon.
             The game lasted 00:02:30 (1569 turns).

cforsyth the Covered (Human Fighter)                Turns: 1569, Time: 00:02:31

Health: -1/42      AC:  9    Str: 19    XL:     5   Next: 5%
Magic:  5/5        EV:  9    Int:  6    God:
Gold:   98         SH:  4    Dex: 12    Spells: 4/4 levels left

rFire   . . .      SeeInvis .    a - +0 flail
rCold   . . .      Faith    .    c - +0 buckler
rNeg    . . .      Spirit   .    b - +0 scale mail
rPois   .          Reflect  .    (helmet restricted)
rElec   .          Rampage  .    (no cloak)
rCorr   .                        (no gloves)
Will    .....                    (no boots) Stlth
                                 (no amulet)
HPRegen 0.27/turn                (no ring)
MPRegen 0.09/turn                (no ring)

@: no status effects
A: horns 1, iridescent scales 1, dopey 1
a: no special abilities


You were on level 3 of the Dungeon.
You visited 1 branch of the dungeon, and saw 3 of its levels.

You collected 98 gold pieces.

Inventory:

Hand Weapons
 a - a +0 flail (weapon)
Armour
 b - a +0 scale mail (worn)
 c - a +0 buckler (worn)
Jewellery
 l - a ring of wizardry
Wands
 i - a wand of roots (11)
Scrolls
 f - a scroll of teleportation {unknown}
 h - a scroll of vulnerability {unknown}
 j - a scroll of identify {unknown}
Potions
 d - a potion of might
 e - a potion of degeneration {unknown}
 g - a potion of mutation
 k - a potion of lignification {unknown}


   Skills:
 + Level 3.6 Fighting
 + Level 2.9 Maces & Flails
 + Level 3.7 Armour
 + Level 3.7 Shields


You had 4 spell levels left.
You didn't know any spells.
Your spell library contained the following spells:

 Spells                   Type           Power      Damage    Failure   Level
 Inner Flame              Hex/Fire       0%         N/A       99%         3
 Portal Projectile        Hex/Tloc       0%         N/A       99%         3
 Tukima's Dance           Hex            0%         N/A       99%         3
 Cause Fear               Hex            0%         N/A       100%        4
 Blade Hands              Tmut           0%         N/A       100%        5
 Discord                  Hex            0%         N/A       100%        8


Dungeon Overview and Level Annotations

Branches:
Dungeon (3/15)

Altars:


Innate Abilities, Weirdness & Mutations

You have a pair of small horns on your head.
You are partially covered in iridescent scales. (AC +2)
You are dopey. (Int -2)


Message History

You are too injured to fight recklessly!
You are too injured to fight recklessly!
You are too injured to fight recklessly!
A bullfrog is nearby!
A bullfrog is nearby!
A bullfrog is nearby!
You miss the bullfrog.
The bullfrog is severely wounded.
The bullfrog hits you but does no damage.
You block the bullfrog's attack.
You hit the bullfrog.
The bullfrog is severely wounded.
You block the bullfrog's attack.
The bullfrog hits you but does no damage.
You closely miss the bullfrog.
The bullfrog is severely wounded.
The bullfrog hits you. x2
You closely miss the bullfrog.
The bullfrog is severely wounded.
The bullfrog hits you.
* * * LOW HITPOINT WARNING * * *
You block the bullfrog's attack.
You closely miss the bullfrog.
The bullfrog is severely wounded.
You block the bullfrog's attack. x2
You completely miss the bullfrog.
The bullfrog is severely wounded.
You block the bullfrog's attack. The bullfrog hits you.
* * * LOW HITPOINT WARNING * * *
You barely miss the bullfrog.
The bullfrog is severely wounded.
The bullfrog hits you.
* * * LOW HITPOINT WARNING * * *
The bullfrog hits you.
* * * LOW HITPOINT WARNING * * *
It was a potion of mutation.
You feel extremely strange.
Iridescent scales grow over part of your body.
You feel stupid. A pair of horns grows on your head! The bullfrog hits you.
You die...

#..............
#..............
#...(.........<
##.............
######
##.....#.....#
#....#
#...#######.##
#....# #...#
#.# #...F#
#...# #.#
#...@###...#
#..
#......#...#
###
#....#.#.#.#
##..##...#.#
##. #..##.. ##
#..# #.. .....
..# #...... ..
.......#


You could see a bullfrog.

Vanquished Creatures
  A sleepcap (D:2)
  5 adders (D:2)
  2 dart slugs (D:2)
  7 ball pythons
  3 goblins
  2 hobgoblins (D:2)
  A quokka (D:1)
  4 bats
  3 frilled lizards
  2 rats
30 creatures vanquished.

Vanquished Creatures (others)
  A plant (D:1)
1 creature vanquished.

Grand Total: 31 creatures vanquished

Notes
Turn   | Place    | Note
-------+----------+-------------------------------------------
     0 | D:1      | cforsyth the Human Fighter began the quest for the Orb.
     0 | D:1      | Reached XP level 1. HP: 18/18 MP: 1/1
   406 | D:1      | Reached XP level 2. HP: 17/24 MP: 2/2
   943 | D:2      | Reached XP level 3. HP: 23/29 MP: 3/3
  1036 | D:2      | Reached XP level 4. HP: 35/35 MP: 4/4
  1407 | D:2      | Reached XP level 5. HP: 40/42 MP: 5/5
  1553 | D:3      | Noticed a bullfrog
  1568 | D:3      | HP: 1/42 [bullfrog (3)]
  1569 | D:3      | Gained mutation: You are partially covered in iridescent
                  | scales. (AC +2) [potion of mutation]
  1569 | D:3      | Gained mutation: You are dopey. (Int -2) [potion of
                  | mutation]
  1569 | D:3      | Gained mutation: You have a pair of small horns on your
                  | head. [potion of mutation]
  1569 | D:3      | Slain by a bullfrog

Illustrated notes

Levels and vault maps discovered:
D:1:      scummos_arrival_forest, layout_basic, minmay_shallow_snake_nest
D:2:      layout_rooms, chequers_arboretum
D:3:      layout_rooms, basic_ecumenical_altar, minivault_19

Action                     |  1- 3 |  4- 6 || total
---------------------------+-------+-------++-------
  Melee: Flail             |    53 |    52 ||   105
    Use: Potion            |       |     1 ||     1
 Armour: Scale mail        |    27 |    18 ||    45
  Dodge: Dodged            |    19 |    32 ||    51
  Block: Buckler           |    13 |    19 ||    32

Table legend: (Time is in decaauts)
 A = Elapsed time spent in this place.
 B = Non-inter-level travel time spent in this place.
 C = Inter-level travel time spent in this place.
 D = Time resting spent in this place.
 E = Time spent auto-exploring this place.
 F = Levels seen in this place.
 G = Mean time per level.
                   A        B        C        D        E       F      G
               +--------+--------+--------+--------+--------+-----+--------+
         Total |   1600 |   1568 |     32 |      0 |   1339 |   3 |  533.3 |
       Dungeon |   1600 |   1568 |     32 |      0 |   1339 |   3 |  533.3 |
               +--------+--------+--------+--------+--------+-----+--------+

Top non-repeatable levels by time:
     D:1: 914 daAuts
     D:2: 618 daAuts
     D:3: 67 daAuts
